Map: Catalyst LE

Players

TruckerOG - Winner!

  • Race: Protoss Protoss
  • League: Master
  • Spawn Location: 5:00

Jezza

  • Race: Zerg Zerg
  • League: Master
  • Spawn Location: 11:00

VOD

Have the link to the VOD?

Description

Time

  • Played on: March 27, 2018, 1:47 p.m.
  • Length: 6:58
Show
View Real Time Build Order
Export as new Build Order

TruckerOG Protoss - Winner!

Build Orders: 1 Gate Expand 

Get SALT Encoding   

  12  0:01  Probe  
  13  0:13  Probe  
  14  0:21  Pylon  
  14  0:25  Probe  
  15  0:39  Probe (Chrono Boost)  
  15  0:40  Gateway  
  17  0:50  Probe (Chrono Boost)  
  17  0:52  Assimilator  
  17  0:54  Probe (Chrono Boost)  
  18  1:07  Probe  
  19  1:19  Probe  
  20  1:29  Nexus  
  20  1:39  Cybernetics Core  
  20  1:45  Zealot (Chrono Boost)  
  22  1:52  Pylon  
  22  2:03  Gateway  
  22  2:13  Adept (Chrono Boost)  
  24  2:18  Shield Battery  
  24  2:32  Gateway  
  24  2:42  Warp Gate (Chrono Boost)  
  24  2:44  Probe x2  
  26  2:56  Assimilator, Probe  
  26  2:58  Probe  
  28  3:04  Adept  
  30  3:08  Probe  
  30  3:10  Probe  
  32  3:14  Pylon  
  32  3:20  Probe  
  32  3:22  Probe  
  34  3:32  Probe  
  36  3:34  Probe  
  36  3:41  Robotics Facility  
  36  3:47  Twilight Council, Probe x2  
  38  3:59  Probe  
  38  4:00  Probe  
  40  4:11  Probe  
  41  4:18  Gateway  
  41  4:19  Charge (Chrono Boost), Gateway  
  41  4:22  Gateway  
  41  4:27  Gateway  
  41  4:29  Immortal (Chrono Boost)  
  41  4:36  Gateway  
  45  4:41  Pylon  
  45  4:42  Pylon  
  45  4:48  Pylon  
  45  4:57  Pylon  
  45  4:58  Warp Prism (Chrono Boost)  
  47  5:13  Zealot x4  
  55  5:23  Zealot  
  55  5:24  Zealot x2  
  61  5:40  Zealot x5  
  71  5:51  Pylon  
  71  5:54  Zealot x3  
  77  6:00  Zealot x4  
  81  6:26  Zealot x7  
  89  6:46  Zealot x2  
Show
View Real Time Build Order
Export as new Build Order

Jezza Zerg 

Build Orders: Pool First 

Get SALT Encoding   

  12  0:00  Drone  
  13  0:08  Drone  
  14  0:15  Extractor  
  14  0:18  Drone  
  14  0:23  Extractor  
  14  0:24  Drone  
  15  0:38  Spawning Pool  
  14  0:50  Overlord  
  14  0:54  Drone, Extractor  
  15  1:24  Metabolic Boost  
  15  1:26  Zergling x6  
  18  1:37  Zergling x2  
  19  1:43  Hatchery  
  18  1:56  Drone  
  18  1:57  Queen  
  21  2:05  Drone  
  22  2:10  Overlord  
  23  2:30  Drone  
  22  2:39  Drone  
  22  2:42  Drone  
  23  2:46  Queen  
  25  2:53  Overlord  
  25  2:55  Queen  
  25  2:57  Drone  
  28  3:03  Drone  
  28  3:09  Drone  
  29  3:29  Hatchery  
  29  3:34  Drone x5  
  29  3:35  Drone  
  34  3:45  Queen  
  34  3:47  Drone x2  
  38  3:54  Drone x3  
  41  4:01  Drone x2  
  43  4:03  Overlord  
  43  4:19  Overlord  
  43  4:20  Overlord  
  43  4:31  Extractor  
  43  4:32  Extractor, Lair  
  43  4:34  Drone  
  43  4:35  Drone x2  
  43  4:36  Drone  
  43  4:37  Drone x2  
  47  4:39  Drone  
  47  4:40  Drone x2  
  47  4:41  Queen  
  47  4:44  Drone  
  47  4:45  Drone  
  54  5:01  Baneling Nest  
  54  5:03  Drone x2  
  54  5:04  Roach Warren, Zergling x6  
  57  5:11  Zergling x8  
  61  5:26  Zergling x8  
  65  5:38  Overlord x2  
  65  5:46  Baneling x3  
  65  5:47  Baneling x4  
  65  5:49  Baneling x3  
  65  5:50  Queen x2  
  65  5:51  Queen  
  65  5:52  Overlord  
  65  5:54  Overlord  
  71  6:06  Roach x3  
  71  6:07  Roach x2  
  79  6:24  Roach  
  79  6:25  Zergling x2, Roach x6  
Tags
 
Add a new tag
Caveats
  • Supply blocks, unpowered buildings, or Contaminate may cause inaccurate times.
  • Supply counts are checked every 10 seconds.